Map: Dusk Towers

Players

Pillow - Winner!

  • Race: Zerg Zerg
  • League: Diamond

MorN

  • Race: Terran Terran
  • League: Diamond

VOD

Have the link to the VOD?

Description

Time

  • Played on: Nov. 12, 2015, 10:18 p.m.
  • Length: 6:27
Show
View Real Time Build Order
Export as new Build Order

Pillow Zerg - Winner!

Build Orders: Hatch First 

Get SALT Encoding   

  12  0:01  Drone  
  13  0:13  Overlord  
  13  0:17  Drone  
  14  0:31  Drone x2  
  16  0:49  Hatchery  
  15  0:52  Drone  
  15  0:55  Drone  
  17  1:09  Spawning Pool  
  16  1:11  Drone  
  16  1:15  Extractor  
  16  1:16  Drone  
  17  1:21  Drone  
  18  1:28  Drone  
  19  1:39  Overlord  
  19  1:56  Queen  
  19  1:57  Zergling x2  
  19  2:01  Zergling x2, Queen  
  24  2:05  Drone  
  26  2:11  Drone  
  27  2:15  Drone  
  28  2:24  Drone x2  
  30  2:34  Drone  
  30  2:35  Overlord  
  31  2:45  Drone x2, Extractor  
  31  2:48  Extractor  
  31  2:54  Overlord  
  31  2:56  Drone  
  31  2:57  Metabolic Boost  
  32  3:07  Drone x3  
  32  3:08  Drone  
  36  3:20  Lair  
  36  3:24  Roach Warren  
  36  3:25  Drone x4  
  39  3:31  Overlord  
  39  3:37  Overlord  
  39  3:46  Drone x2  
  39  3:47  Drone  
  42  3:51  Overlord  
  42  4:04  Roach x5  
  42  4:09  Overlord  
  52  4:17  Glial Reconstitution  
  52  4:20  Roach x3  
  52  4:21  Roach  
  60  4:25  Roach  
  60  4:30  Roach x2  
  66  4:34  Roach x2  
  70  4:40  Overlord  
  70  4:46  Roach x2  
  70  4:49  Roach  
  76  4:53  Overlord  
  76  5:01  Roach  
  76  5:02  Roach x2  
  76  5:05  Ravager x3  
  85  5:10  Overlord  
  85  5:12  Ravager  
  86  5:14  Ravager  
  87  5:27  Roach x3  
  77  5:51  Roach x7  
  87  6:01  Roach  
  81  6:10  Ravager x2  
Show
View Real Time Build Order
Export as new Build Order

MorN Terran 

Build Orders: Command Center First (CC) 

Get SALT Encoding   

  12  0:00  SCV  
  13  0:13  SCV  
  14  0:18  Supply Depot  
  14  0:26  SCV  
  15  0:40  SCV  
  16  0:58  Command Center  
  16  1:01  SCV  
  17  1:14  SCV  
  17  1:16  Barracks  
  18  1:26  SCV  
  19  1:38  SCV  
  20  1:46  Refinery  
  20  1:51  SCV  
  21  2:10  Marine  
  21  2:12  Orbital Command x2  
  22  2:28  Marine  
  23  2:38  SCV  
  23  2:39  SCV  
  25  2:46  Marine  
  25  2:50  SCV  
  26  2:54  SCV, Factory  
  27  3:00  Refinery  
  27  3:03  SCV  
  29  3:08  SCV  
  29  3:10  Barracks  
  29  3:11  Barracks  
  30  3:15  SCV  
  30  3:18  Barracks Reactor  
  30  3:21  SCV  
  31  3:27  SCV  
  31  3:33  SCV  
  33  3:39  SCV  
  33  3:40  Supply Depot  
  34  3:45  SCV  
  34  3:47  Starport  
  35  3:51  SCV  
  36  3:57  SCV  
  36  4:00  Barracks Tech Lab x2  
  36  4:01  Hellion x2  
  41  4:02  Barracks Reactor  
  41  4:06  SCV  
  41  4:08  Supply Depot  
  41  4:09  SCV  
  43  4:18  SCV  
  43  4:21  SCV  
  45  4:29  Supply Depot, Hellion x2  
  45  4:30  SCV, Supply Depot  
  54  4:31  Marauder x2  
  54  4:33  Liberator  
  54  4:37  Refinery  
  54  4:38  Refinery  
  54  4:41  Liberator  
  54  4:50  SCV  
  54  4:51  Hellion x2  
  54  4:52  Supply Depot  
  62  4:59  Marine x3  
  66  5:02  SCV  
  66  5:03  SCV  
  66  5:05  Supply Depot  
  71  5:14  SCV  
  71  5:17  Marine x3  
  71  5:19  Hellion  
  71  5:20  Hellion  
  78  5:31  Armory  
  78  5:35  Marine x2  
  80  5:36  Marauder  
  72  5:53  Marine  
  72  5:54  Marauder  
  63  5:57  Marauder  
  63  6:03  Hellion  
  65  6:10  SCV  
  61  6:14  Supply Depot  
Tags
 
Add a new tag
Caveats
  • Supply blocks, unpowered buildings, or Contaminate may cause inaccurate times.
  • Supply counts are checked every 10 seconds.